 Dungeon Sprint DCSS version 0.18.1-5-g4a78601 (webtiles) character file.

1163 OfficerJojo the Thaumaturge (level 8, -3/43 HPs)
             Began as a Deep Elf Air Elementalist on May 11, 2016.
             Was a Priest of Vehumet.
             Killed from afar by a gargoyle (16 damage)
             ... with a stone arrow
             ... in the Dungeon (Sprint IX: "|||||||||||||||||||||||||||||").
             The game lasted 00:04:59 (707 turns).

OfficerJojo the Thaumaturge (DEAE)                   Turns: 707, Time: 00:05:00

Health: -3/43      AC:  4    Str:  8    XL:     8   Next: 17%
Magic:  13/26      EV: 17    Int: 26    God:    Vehumet [***...]
Gold:   0          SH:  0    Dex: 15    Spells: 1 memorised, 30 levels left

rFire  . . .     SeeInvis .     o - staff of energy
rCold  . . .     Gourm    .     a - +0 robe
rNeg   . . .     Faith    .     (no shield)
rPois  .         Spirit   .     p - +0 helmet
rElec  .         Dismiss  .     q - +0 cloak
rCorr  .         Reflect  .     (no gloves)
SustAt .         Harm     .     (no boots)
MR     .....     NoTele   +     (no amulet)
Stlth  +++.......               s - +3 ring of strength
                                r - +3 ring of intelligence

@: not resistant to hostile enchantments, fairly stealthy
A: no striking features
a: Renounce Religion


You were in the Dungeon.
You worshipped Vehumet.
Vehumet was most pleased with you.
You were not hungry.

You visited 1 branch

Inventory:

Armour
 a - a +0 robe (worn)
 p - a +0 helmet (worn)
 q - a +0 cloak (worn)
Magical Staves
 o - an uncursed staff of energy (weapon)
Jewellery
 r - a +3 ring of intelligence (left hand)
 s - a +3 ring of strength (right hand)
Wands
 n - a wand of lightning (5/15)
Scrolls
 i - 2 scrolls of blinking
 l - 2 scrolls of remove curse
 m - 2 scrolls of amnesia
Potions
 d - 5 potions of curing
 e - a potion of invisibility
 f - a potion of haste
 g - 3 potions of magic
 h - a potion of berserk rage
 j - a potion of heal wounds
Books
 b - a book of Air

   Spells                             Type                      Level
   a - Shock                          Conjuration/Air              1
   b - Swiftness                      Charms/Air                   2
   c - Repel Missiles                 Charms/Air                   2
   d - Static Discharge               Conjuration/Air              3
   e - Lightning Bolt                 Conjuration/Air              5
Comestibles
 c - a bread ration


   Skills:
 + Level 1.0 Fighting
 + Level 8.7 Dodging
 + Level 4.9 Stealth
 + Level 12.2 Spellcasting
 + Level 7.5 Conjurations
 + Level 11.7 Air Magic


You had 30 spell levels left.
You knew the following spells:

 Your Spells              Type           Power        Failure   Level  Hunger
a - Shock                 Conj/Air       ####         1%          1    None


Dungeon Overview and Level Annotations

Branches:
Dungeon (1/1)

Altars:
Cheibriados
Dithmenos
Elyvilon
Fedhas
Gozag
Kikubaaqudgha
Makhleb
Nemelex Xobeh
Okawaru
Pakellas
Qazlal
Ru
Sif Muna
Trog
Vehumet
Xom
Yredelemnul
Zin
The Shining One
Beogh
Jiyva
Lugonu


Message History

The gargoyle barely misses you.
Zapping:
n - a wand of lightning (6/15)
Press: ? - help, Shift-Dir - straight line, f/p - gargoyle
Aim: a gargoyle, wielding a mace (moderately damaged)
You hear a mighty clap of thunder!
The bolt of lightning misses the gargoyle.
This wand has 5 charges left.
The gargoyle hits you with a mace!
* * * LOW HITPOINT WARNING * * *
Things that are here:
a flail; a leather armour
Things that are here:
a dagger; a robe
There is an open door to the Dungeon here.
You see here a -3 dagger.
The gargoyle hurls a stone arrow at you.
The stone arrow misses you.
You see here a +1 scale mail.
The gargoyle hurls a stone arrow at you.
The stone arrow hits you!
You die...

▓_▓
▓_▓
▓_▓
▓'▓
▓.▓
▓.▓
▓.▓
▓(▓
▓@▓
▓.▓
▓[▓
▓.▓
▓9▓
▓'▓
▓.▓
▓)▓
▓.▓


You could see a gargoyle.

Vanquished Creatures
  A hill giant (D)
  A wraith (D)
  A yak (D)
  An ice beast (D)
  A necrophage (D)
  A big kobold (D)
  A giant frog (D)
  A hound (D)
  An orc wizard (D)
  A worker ant (D)
  A gnoll (D)
  An adder zombie (D)
  A dart slug (D)
  A giant gecko (D)
  2 orcs (D)
  A giant cockroach (D)
  A goblin (D)
  A quokka (D)
  A kobold (D)
  A rat (D)
21 creatures vanquished.

Notes
Turn   | Place    | Note
--------------------------------------------------------------
     0 | D        | OfficerJojo the Deep Elf Air Elementalist began the quest for the Orb.
     0 | D        | Reached XP level 1. HP: 10/10 MP: 6/6
    59 | D        | Noticed a worker ant
    64 | D        | Reached XP level 2. HP: 15/15 MP: 3/8
    71 | D        | Reached skill level 4 in Spellcasting
    71 | D        | Reached skill level 5 in Air Magic
    76 | D        | Reached skill level 5 in Spellcasting
    76 | D        | Reached XP level 3. HP: 2/19 MP: 6/11
   353 | D        | Found a glowing silver altar of Zin.
   353 | D        | Found a glowing golden altar of the Shining One.
   353 | D        | Found an ancient bone altar of Kikubaaqudgha.
   353 | D        | Found a basalt altar of Yredelemnul.
   353 | D        | Found a shimmering altar of Xom.
   353 | D        | Found a radiant altar of Vehumet.
   354 | D        | Found an iron altar of Okawaru.
   355 | D        | Found a burning altar of Makhleb.
   356 | D        | Found a deep blue altar of Sif Muna.
   357 | D        | Found a bloodstained altar of Trog.
   358 | D        | Found a sparkling altar of Nemelex Xobeh.
   359 | D        | Found a white marble altar of Elyvilon.
   360 | D        | Found a roughly hewn altar of Beogh.
   361 | D        | Became a worshipper of Vehumet
   362 | D        | Found a viscous altar of Jiyva.
   363 | D        | Found a corrupted altar of Lugonu.
   364 | D        | Found a blossoming altar of Fedhas.
   365 | D        | Found a snail-covered altar of Cheibriados.
   366 | D        | Found a shadowy altar of Dithmenos.
   367 | D        | Found a stormy altar of Qazlal.
   368 | D        | Found an opulent altar of Gozag.
   369 | D        | Found a sacrificial altar of Ru.
   370 | D        | Found an oddly glowing altar of Pakellas.
   416 | D        | Noticed a big kobold
   416 | D        | Noticed a wraith
   416 | D        | Noticed a yak
   423 | D        | Reached skill level 6 in Spellcasting
   423 | D        | Reached XP level 4. HP: 21/24 MP: 5/14
   425 | D        | Reached * piety under Vehumet
   425 | D        | Offered knowledge of Flame Tongue by Vehumet.
   426 | D        | Killed a big kobold
   426 | D        | Reached skill level 5 in Dodging
   426 | D        | Reached skill level 7 in Spellcasting
   426 | D        | Reached XP level 5. HP: 12/28 MP: 5/17
   429 | D        | Killed a yak
   429 | D        | Reached skill level 9 in Spellcasting
   429 | D        | Reached XP level 6. HP: 4/32 MP: 2/20
   434 | D        | Killed a wraith
   434 | D        | Reached ** piety under Vehumet
   434 | D        | Reached skill level 10 in Spellcasting
   434 | D        | Reached skill level 5 in Conjurations
   434 | D        | Reached skill level 10 in Air Magic
   672 | D        | Noticed a hill giant
   672 | D        | Noticed an ice beast
   672 | D        | Noticed a gargoyle
   676 | D        | Offered knowledge of Freeze by Vehumet.
   678 | D        | Killed an ice beast
   678 | D        | Reached XP level 7. HP: 37/37 MP: 18/23
   680 | D        | Reached *** piety under Vehumet
   680 | D        | Reached skill level 11 in Spellcasting
   690 | D        | Killed a hill giant
   690 | D        | Reached skill level 1 in Fighting
   690 | D        | Reached skill level 12 in Spellcasting
   690 | D        | Reached XP level 8. HP: 43/43 MP: 15/26
   707 | D        | Killed from afar by a gargoyle

Skill      XL: |  1  2  3  4  5  6  7 |
---------------+----------------------+-----
Dodging        | 3 4 5 6 7 8 |  8.7
Air Magic      | 4 5 6 7 9 10 11 | 11.7
Stealth        | 3 4 |  4.9
Spellcasting   | 5 6 7 9 10 12 | 12.2
Conjurations   | 2 3 4 5 7 |  7.5
Fighting       | 1 |  1.0

Action                   |  1- 3 |  4- 6 |  7- 9 || total
-------------------------+-------+-------+-------++-------
 Cast: Shock             |    18 |    15 |    18 ||    51
Evoke: Wand              |       |     1 |     1 ||     2
  Use: Potion            |     2 |     1 |       ||     3
       Scroll            |     1 |       |       ||     1
Armor: Robe              |     1 |       |     1 ||     2
Dodge: Dodged            |    14 |    12 |    11 ||    37
